 Dungeon Crawl Stone Soup version 0.28.0 (webtiles) character file.

Game seed: 11856502204240293147

105 Sanktem7 the Sneak (level 4, 0/21 HPs)
             Began as a Spriggan Enchanter on Feb 17, 2022.
             Slain by an ice beast (7 damage)
             ... on level 3 of the Dungeon.
             The game lasted 00:11:37 (3553 turns).

Sanktem7 the Sneak (Spriggan Enchanter)             Turns: 3553, Time: 00:11:38

Health: 0/21       AC:  2    Str:  4    XL:     4   Next: 54%
Magic:  5/9        EV: 17    Int: 18    God:
Gold:   137        SH:  0    Dex: 15    Spells: 3/8 levels left

rFire   . . .      SeeInvis +   a - +1 dagger
rCold   . . .      Faith    .   (no shield)
rNeg    . . .      Spirit   .   b - +0 robe
rPois   .          Reflect  .   (helmet restricted)
rElec   .          Harm     .   (no cloak)
rCorr   .          Rampage  .   (gloves unavailable)
Will    .....                   (boots unavailable)
Stlth   +++.......              (no amulet)
HPRegen 0.07/turn               (no ring)
MPRegen 0.11/turn               (no ring)

@: confusing by touch, very quick
A: very small, no large weapons, unfitting armour, see invisible, speed 3
a: no special abilities


You were on level 3 of the Dungeon.
You visited 1 branch of the dungeon, and saw 3 of its levels.

You collected 137 gold pieces.

Inventory:

Hand Weapons
 a - a +1 dagger (weapon)
Armour
 b - a +0 robe (worn)
Scrolls
 d - a scroll of silence {unknown}
 e - a scroll of magic mapping {unknown}
 g - 2 scrolls of identify {unknown}
 h - a scroll of immolation {unknown}
 i - 2 scrolls of teleportation {unknown}
 m - a scroll of vulnerability {unknown}
Potions
 c - a potion of invisibility
 f - a potion of heal wounds {unknown}
 j - a potion of berserk rage {unknown}
 k - 2 potions of curing {unknown}
 l - a potion of ambrosia {unknown}


   Skills:
 - Level 1.1 Short Blades
 + Level 2.7 Dodging
 * Level 7.0 Stealth
 + Level 2.9 Spellcasting
 * Level 4.8 Hexes
 + Level 0.1 Ice Magic


You had 3 spell levels left.
You knew the following spells:

 Your Spells              Type           Power      Damage    Failure   Level
a - Ensorcelled Hibernat  Hex/Ice        22%        N/A       9%          2
b - Confusing Touch       Hex            20%        N/A       7%          3

Your spell library contained the following spells:

 Spells                   Type           Power      Damage    Failure   Level
 Tukima's Dance           Hex            20%        N/A       7%          3
 Dazzling Flash           Conj/Hex       22%        N/A       19%         3


Dungeon Overview and Level Annotations

Branches:
Dungeon (3/15)

Altars:
Nemelex Xobeh

Shops:
D:3 *

Annotations:
D:3 1 transporter


Innate Abilities, Weirdness & Mutations

You are very small and have problems with some larger weapons.
You are too small for most types of armour.
You have supernaturally acute eyesight. (SInv)
You cover ground extremely quickly. (Speed+++)


Message History

You escape the ball python's grasp.
Found a stone staircase leading down and a stone staircase leading up.
A hobgoblin comes into view.
There is a stone staircase leading up here.
You climb upwards.
There is a stone staircase leading down here.
You start resting.
Magic restored.
You start resting.
HP restored.
You climb downwards.
Level annotation: 1 transporter The ball python misses you.
The ball python barely misses you. The ball python misses you.
The ball python completely misses you.
There is a stone staircase leading up here.
Casting: Ensorcelled Hibernation (safe; 9% risk of failure)
Confirm with . or Enter, or press ? or * to list all spells.
Aiming: Ensorcelled Hibernation (safe; 9% risk of failure)
Press: ? - help, Shift-Dir - straight line, f - ball python
Aim: a ball python (chance to affect: 62%)
The ball python looks drowsy...
The helpless ball python fails to defend itself.
You impale the ball python!!
You kill the ball python!
You climb upwards.
There is a stone staircase leading down here.
This spell is quite dangerous to cast!
Memorise Confusing Touch, consuming 3 spell levels and leaving 3?
You start memorising the spell.
You continue memorising. x3
You finish memorising.
Spell assigned to 'b'.
Casting: Ensorcelled Hibernation (safe; 9% risk of failure)
Confirm with . or Enter, or press ? or * to list all spells.
The spell is quite dangerous to miscast (7% risk of failure)!
Continue anyway?
Your hands begin to glow red.
You climb downwards.
Level annotation: 1 transporter The ice beast hits you.
The ice beast freezes you!
Ouch! That really hurt!
The ice beast hits you. The ice beast freezes you!
You die...

..g ...##..# .#.
#># #..##..# ...
###.###..##..##...
#.....Y...#...<...
#.#.###...#.......
#.#..S............
#.#..##.#.........
#Y#..##.#.####..#.
#@#..##.#.# #..#.
#†#..##.#.# #..#.
#.#..##.#.####..#[
#.................
########..####....
##>####....
▓⌠...⌠▓#..........
▓.?.(.▓###.#####.#
▓©}8..▓ #.# #.#


You could see an ice beast.

Vanquished Creatures
  5 adders (D:2)
  3 worms (D:2)
  2 dart slugs
  5 endoplasms
  2 giant cockroaches (D:2)
  2 goblins
  7 hobgoblins
  3 quokkas (D:1)
  4 ball pythons
  4 bats
  A frilled lizard (D:2)
  3 kobolds (D:2)
  9 rats (D:1)
50 creatures vanquished.

Notes
Turn   | Place    | Note
-------+----------+-------------------------------------------
     0 | D:1      | Sanktem7 the Spriggan Enchanter began the quest for the
                  | Orb.
     0 | D:1      | Reached XP level 1. HP: 9/9 MP: 5/5
   256 | D:1      | Found a faded altar of an unknown god.
   494 | D:1      | Reached XP level 2. HP: 13/13 MP: 6/6
   497 | D:1      | Learned a level 2 spell: Ensorcelled Hibernation
   823 | D:1      | Reached skill level 5 in Stealth
  1709 | D:2      | Reached XP level 3. HP: 16/16 MP: 8/8
  2191 | D:2      | Reached skill level 6 in Stealth
  2226 | D:2      | Reached XP level 4. HP: 5/21 MP: 1/9
  3261 | D:3      | Found a sparkling altar of Nemelex Xobeh.
  3261 | D:3      | Found a transporter.
  3278 | D:3      | Noticed an ice beast
  3301 | D:3      | Found Vezalu's Assorted Antiques.
  3315 | D:3      | Reached skill level 7 in Stealth
  3551 | D:2      | Learned a level 3 spell: Confusing Touch
  3553 | D:3      | Slain by an ice beast

Illustrated notes

Levels and vault maps discovered:
D:1:      dpeg_arrival_ratfight, layout_loops_corners,
          ebering_ecumenical_altar_box
D:2:      kennysheep_six_static_rooms, layout_basic
D:3:      layout_loops_ring, grunt_nemelex_the_gamble, serial_shops,
          nicolae_shop_advertising_works [nicolae_subvault_shop_adworks],
          ebering_ghost_disaster_area, hangedman_decor_diamond_cutter

Skill      XL: |  1  2  3  4 |
---------------+-------------+-----
Hexes          | 4 |  4.8
Stealth        | 5 6 7 |  7.0
Short Blades   | |  1.1
Dodging        | |  2.7
Spellcasting   | |  2.9
Ice Magic      | |  0.1

Action                   |  1- 3 |  4- 6 || total
-------------------------+-------+-------++-------
Melee: Dagger            |    78 |    15 ||    93
 Cast: Ensorcelled Hiber |    25 |    13 ||    38
       Confusing Touch   |       |     1 ||     1
 Stab: Sleeping          |    33 |    11 ||    44
       Distracted        |     1 |       ||     1
Armor: Robe              |     6 |       ||     6
Dodge: Dodged            |    58 |     9 ||    67
